 Dungeon Crawl Stone Soup version 0.21.1-1-g345015f (webtiles) character file.

53 nulman the Caller (level 3, -3/24 HPs)
             Began as a Vampire Summoner on June 8, 2018.
             Slain by a goblin
             ... wielding a +0 dagger
             ... led by Robin
              (4 damage)
             ... on level 2 of the Dungeon.
             The game lasted 00:25:22 (3133 turns).

nulman the Caller (Vampire Summoner)                Turns: 3133, Time: 00:25:22

Health: -3/24      AC:  2    Str:  7    XL:     3   Next: 62%
Magic:  1/6        EV: 13    Int: 18    God:
Gold:   83         SH:  0    Dex: 14    Spells: 3/6 levels left

rFire    . . .     SeeInvis +   g - +0 short sword
rCold    + . .     Gourm    .   (no shield)
rNeg     + + .     Faith    .   a - +0 robe
rPois    +         Spirit   .   (no helmet)
rElec    .         Reflect  .   (no cloak)
rCorr    .         Harm     .   (no gloves)
MR       .....                  (no boots)
Stlth    ++++......             (no amulet)
HPRegen  0.04/turn              (no ring)
MPRegen  0.10/turn              (no ring)

@: regenerating slowly
A: fangs 3, see invisible, unbreathing
a: Bat Form


You were on level 2 of the Dungeon.
You were very thirsty.

You visited 1 branch of the dungeon, and saw 2 of its levels.

You collected 83 gold pieces.

Inventory:

Hand Weapons
 g - a +0 short sword (weapon)
 o - a +0 hunting sling
Missiles
 d - 23 sling bullets
 f - 21 arrows
 k - 63 stones (quivered)
 l - 8 poisoned needles
Armour
 a - a +0 robe (worn)
Scrolls
 m - a scroll of identify {unknown}
 n - 2 scrolls of enchant armour {unknown}
Potions
 c - 3 potions of blood
 e - a potion of lignification {unknown}
 h - 2 potions of curing {unknown}
 i - a potion of ambrosia {unknown}
 j - a potion of haste {unknown}
Books
 b - a book of Callings

   Spells                             Type                      Level
   a - Summon Small Mammal            Summoning                    1
   b - Call Imp                       Summoning                    2
   c - Call Canine Familiar           Summoning                    3
   d - Summon Guardian Golem          Hexes/Summoning              3
   e - Summon Lightning Spire         Summoning/Air                4
   f - Summon Ice Beast               Ice/Summoning                4


   Skills:
 + Level 0.3 Short Blades
 + Level 2.4 Dodging
 * Level 4.4 Stealth
 + Level 2.4 Spellcasting
 + Level 4.4 Summonings


You had 3 spell levels left.
You knew the following spells:

 Your Spells              Type           Power        Failure   Level  Hunger
a - Summon Small Mammal   Summ           ###.         2%          1    #......
b - Call Imp              Summ           ###.....     4%          2    ##.....


Dungeon Overview and Level Annotations

Branches:
Dungeon (2/15)

Altars:

Annotations:
D:2 Robin


Innate Abilities, Weirdness & Mutations

You heal slowly.
You have razor-sharp teeth.
You have supernaturally acute eyesight. (SInv)
You can survive without breathing.


Message History

You hit Robin.
Robin is heavily wounded.
Robin throws the goblin at you!
Your crimson imp hits Robin but does no damage.
Your crimson imp hits Robin.
The goblin hits you with a dagger.
* * * LOW HITPOINT WARNING * * *
You don't have enough magic at the moment.
You swap places.
Robin zaps a wand.
The puff of flame misses you.
Your crimson imp closely misses Robin.
Your crimson imp blinks!
The goblin barely misses your crimson imp.
Robin closely misses you.
Your crimson imp hits Robin but does no damage.
The goblin barely misses your crimson imp.
Robin's bangles clink loudly.
Your crimson imp blinks!
Robin throws the goblin at you!
* * * LOW HITPOINT WARNING * * *
The goblin hits you with a dagger.
You die...

#.# #..# g.. # ### #.# #5.# #.# #
..# #.# #..# #.###.## . #.# #.#
#..# #......######### #.# #.#
#..# #####........).. ####.####.#
#..# #..######### ....).....#
#5.#######..# # .#.########
#g..........# #
.#.##########.#.@g......# #
...........##...#######.# #
....)..###.######.......#########
.#.###.# #.# #.#..............
.#.###.# #.######.#.#############
...).#.# #..........# .....#.#
########.### ...)..[# #.#
#....#.# #.#


You could see Robin, a goblin and a friendly crimson imp.

Vanquished Creatures
  A worm (D:2)
  A dart slug (D:1)
  A bat (D:1)
  4 giant cockroaches
  4 goblins (D:2)
  4 hobgoblins
  2 kobolds (D:1)
  A quokka (D:2)
  A frilled lizard (D:1)
  2 rats (D:2)
21 creatures vanquished.

Vanquished Creatures (collateral kills)
  Terence (D:2)
  A dart slug (D:1)
  A goblin (D:1)
  3 hobgoblins
  A kobold (D:2)
  2 bats (D:2)
  A frilled lizard (D:1)
  2 rats
12 creatures vanquished.

Vanquished Creatures (others)
  4 toadstools (D:1)
4 creatures vanquished.

Grand Total: 37 creatures vanquished

Notes
Turn   | Place    | Note
-------+----------+-------------------------------------------
     0 | D:1      | nulman the Vampire Summoner began the quest for the Orb.
     0 | D:1      | Reached XP level 1. HP: 13/13 MP: 3/3
   625 | D:1      | Reached XP level 2. HP: 10/19 MP: 5/5
  1088 | D:1      | Learned a level 2 spell: Call Imp
  1641 | D:2      | Reached XP level 3. HP: 21/24 MP: 6/6
  1865 | D:2      | Noticed Terence
  2226 | D:2      | Killed Terence
  3085 | D:2      | Noticed Robin
  3133 | D:2      | HP: 1/24 [Robin/goblin (3)]
  3133 | D:2      | Slain by a goblin

Skill      XL: |  1  2  3 |
---------------+----------+-----
Stealth        | 4 |  4.4
Short Blades   | |  0.3
Dodging        | |  2.4
Spellcasting   | |  2.4
Summonings     | |  4.4

Action                   || total
-------------------------++-------
Melee: Hand axe          ||    18
       Unarmed           ||    10
       Short sword       ||    71
       Bite              ||     8
 Cast: Summon Small Mamm ||    13
       Call Imp          ||    12
 Abil: End Transformatio ||     2
       Bat Form          ||     2
 Stab: Sleeping          ||     8
  Eat: Corpse            ||     4
Armor: Robe              ||     8
Dodge: Dodged            ||    68
